 Dungeon Crawl Stone Soup version 0.17-a0-1954-g0dddeaa (webtiles) character file.

13601 vatarom the Nimble (level 11, -3/124 HPs)
             Began as a Troll Chaos Knight on Oct 3, 2015.
             Slain by a torpor snail (16 damage)
             ... on level 3 of the Lair of Beasts.
             The game lasted 00:31:45 (11010 turns).

vatarom the Nimble (Troll Chaos Knight)            Turns: 11010, Time: 00:31:47

Health: -3/124     AC: 10    Str: 23    XL:     11   Next: 77%
Magic:  10/10      EV: 14    Int:  7    God:    Xom [*.....]
Gold:   1389       SH:  0    Dex: 12    Spells: 2 memorised, 3 levels left

rFire  + . .     SeeInvis .       - Unarmed
rCold  . . .     Clarity  .     D - +1 troll leather armour
rNeg   + . .     SustAt   .     (no shield)
rPois  .         Gourm    +     y - +2 hat {MR+}
rElec  .         Spirit   .     (no cloak)
rCorr  .         Warding  +     (gloves unavailable)
rMut   .         Stasis   .     (boots unavailable)
MR     +....                    v - amulet of warding
Stlth  ++........               l - ring of protection from fire
                                a - ring of stealth

@: slowed, very slow, somewhat resistant to hostile enchantments, unstealthy
A: unfitting armour, claws 3, fangs 1, fast metabolism 3, gourmand, mutation
resistance 1, regeneration 2, robust 1, shaggy fur 1, tough skin 2, no device
heal 1
a: Renounce Religion


You were on level 3 of the Lair of Beasts.
You worshipped Xom.
You were a special plaything of Xom.
You were very full.

You visited 3 branches of the dungeon, and saw 14 of its levels.
You also visited: Ossuary.

You collected 1731 gold pieces.
You spent 342 gold pieces at shops.

Inventory:

Missiles
 m - 11 javelins of returning (quivered)
Armour
 k - a +2 robe of cold resistance
 y - a +2 hat of magic resistance (worn)
 D - a +1 troll leather armour (worn)
Jewellery
 a - a ring of stealth (left claw)
 l - a ring of protection from fire (right claw)
 n - a +2 ring of intelligence
 v - an amulet of warding (around neck)
 z - an uncursed ring of protection from cold
 C - a cursed -2 ring of intelligence
Magical devices
 f - a wand of polymorph (17)
 s - a wand of magic darts (20)
 A - a wand of random effects (22)
 B - a wand of digging (5)
 E - a wand of frost (31)
 G - a wand of confusion (8)
 H - a wand of paralysis (10)
Scrolls
 c - 2 scrolls of magic mapping
 h - 7 scrolls of identify
 i - 11 scrolls of remove curse
 o - a scroll of teleportation
 r - 3 scrolls of enchant weapon
 F - 3 scrolls of recharging
 I - a scroll of amnesia
 P - a scroll of enchant armour
Potions
 d - 4 potions of curing
 e - 3 potions of might
 j - 3 potions of flight
 q - a potion of beneficial mutation
 t - 5 potions of invisibility
 u - 3 potions of haste
 w - a potion of cancellation {unknown}
 K - a potion of ambrosia
 L - a potion of agility {unknown}
 M - a potion of berserk rage {unknown}
Miscellaneous
 x - a legendary deck of wonders {drawn: 7}
 J - a legendary deck of defence {drawn: 1}
 O - a phantom mirror
Comestibles
 b - 3 bread rations
 g - 6 meat rations
 p - 5 beef jerkies
 N - a slice of pizza


   Skills:
 + Level 8.8 Fighting
 - Level 5.8 Throwing
 + Level 10.6 Dodging
 - Level 9.2 Unarmed Combat


You had 3 spell levels left.
You knew the following spells:

 Your Spells              Type           Power        Failure   Level  Hunger
a - Ozocubu's Armour      Chrm/Ice       #.......     98%         3    ####...
b - Condensation Shield   Ice            #.........   100%        4    #####..


Dungeon Overview and Level Annotations

Branches:
Dungeon (10/15)            Temple (1/1) D:7            Lair (3/8) D:8
  Snake (0/4) Lair:3
  Swamp: Lair:3-6    Shoals: Lair:3-6       Orc: D:9-12

Altars:
Ashenzari
Cheibriados
Dithmenos
Elyvilon
Fedhas
Gozag
Kikubaaqudgha
Makhleb
Nemelex Xobeh
Okawaru
Qazlal
Ru
Sif Muna
Trog
Vehumet
Xom
Yredelemnul
Zin
The Shining One

Shops:
D:5 *   D:6 }   D:8 }   D:9 *


Innate Abilities, Weirdness & Mutations

You are too large for most types of armour.
You have claws for hands.
Your metabolism is lightning-fast.
You like to eat raw meat.
You heal very quickly.
You are covered in fur (AC +1).
You have very tough skin (AC +2).
You have very sharp teeth.
You are somewhat resistant to further mutation.
You are robust (+10% HP).
Potions and wands are less effective at restoring your health.


Message History

You claw the torpor snail!!
The torpor snail is moderately wounded.
The white imp gestures at you. The puff of frost hits you!
The torpor snail bites you!!
* * * LOW HITPOINT WARNING * * *
You scratch the torpor snail but do no damage.
The torpor snail is moderately wounded.
The white imp gestures at you. The puff of frost hits you!
* * * LOW HITPOINT WARNING * * *
The torpor snail bites you!
* * * LOW HITPOINT WARNING * * *
Drink which item? (? for menu, Esc to quit)
You feel better. The white imp gestures at you. The puff of frost hits you!
* * * LOW HITPOINT WARNING * * *
The torpor snail bites you!
You die...
Xom howls with laughter!

................. .
....PP............
..∩...............
..................
......#...........
#............ ...#
##........... ...
##...w#5...... .# ..##
#P...#@#P.## .. ...#
##...### # .. ...#
##...# ##. ..### ###
#...## #..
..#.###.###..## . #..
........##...# #.. ..
............###### #..
### ##.
..####.###...P##.#
##..###.###.< .## #.#
##.....#####.........#..


You could see a torpor snail and a white imp.

Vanquished Creatures
  A hydra (Lair:3)
  A tengu warrior (D:10)
  Pikel (D:7)
  A spiny frog (Lair:3)
  A troll (D:9)
  2 polar bears (Lair:2)
  4 blink frogs (Lair:3)
  A deep elf mage (D:8)
  Sigmund (D:4)
  5 hippogriffs
  23 yaks
  A human (D:8)
  A basilisk (Lair:1)
  3 water moccasins
  4 wolves (Lair:3)
  A sky beast (D:9)
  2 ice beasts
  A wasp (D:9)
  An orc warrior (D:7)
  2 porcupines (Lair:1)
  An eye of draining (D:9)
  7 ogres
  A crocodile (Lair:2)
  3 centaurs
  A brain worm (D:4)
  The ghost of vatarom the Chiller, an average DEIE (D:3)
  11 giant frogs
  4 water moccasin zombies (Ossuary)
  3 scorpions
  3 wights (D:7)
  3 electric eels
  2 killer bees (D:8)
  3 crimson imps (D:6)
  A giant frog zombie (D:6)
  2 orc priests
  3 orc wizards
  A giant frog skeleton (D:5)
  A jelly (D:10)
  2 centaur skeletons
  2 hounds
  5 worker ants
  6 big kobold zombies (Ossuary)
  2 mummies (Ossuary)
  7 adders
  6 gnolls
  21 river rats
  5 shadow imps
  10 white imps (Lair:3)
  5 adder zombies (Ossuary)
  An ooze (D:2)
  2 adder skeletons
  2 worms
  31 orcs
  2 bats (D:2)
  5 giant cockroaches
  2 gnoll zombies (Ossuary)
  7 goblins
  5 hobgoblins
  11 jackals
  2 quokkas
  2 ball pythons (D:5)
  4 giant geckos
  A giant gecko skeleton (D:7)
  8 giant newts
  4 hobgoblin zombies (Ossuary)
  4 kobolds
  2 kobold zombies (Ossuary)
  2 orc zombies (Ossuary)
  10 rats
  A plant (Lair:3)
287 creatures vanquished.

Vanquished Creatures (collateral kills)
  A blink frog (Lair:3)
  A yak (Lair:2)
  A naga (Lair:3)
  A phantom (D:5)
  3 killer bees (D:8)
  A crimson imp (D:6)
  2 giant frog skeletons (D:6)
  A hound skeleton (D:5)
  An adder zombie (Ossuary)
12 creatures vanquished.

Vanquished Creatures (others)
  2 eldritch tentacles
  A slave (D:7)
  A boggart (D:7)
  A killer bee (D:8)
  A gnoll (D:7)
  217 eldritch tentacle segments
  A fungus (Lair:1)
  2 plants (D:4)
226 creatures vanquished.

Grand Total: 525 creatures vanquished

Notes
Turn   | Place    | Note
--------------------------------------------------------------
     0 | D:1      | vatarom the Troll Chaos Knight began the quest for the Orb.
     0 | D:1      | Reached XP level 1. HP: 22/22 MP: 0/0
   169 | D:1      | XOM: silly message
   485 | D:1      | Reached XP level 2. HP: 29/29 MP: 1/1
   749 | D:1      | XOM: harmless Divn miscast
   872 | D:1      | XOM: divination: detect creatures
   917 | D:2      | XOM: silly message
  1098 | D:2      | Reached XP level 3. HP: 36/36 MP: 2/2
  1508 | D:2      | XOM: noise
  1653 | D:3      | Noticed vatarom's ghost (average DEIE)
  1656 | D:3      | XOM: noise
  1670 | D:3      | XOM: confusion
  1671 | D:3      | Killed vatarom's ghost
  1671 | D:3      | Reached skill level 4 in Dodging
  1671 | D:3      | Reached XP level 4. HP: 37/44 MP: 3/3
  1677 | D:3      | XOM: noise
  1793 | D:3      | XOM is BORED!
  1793 | D:3      | XOM: noise
  1813 | D:3      | Reached XP level 5. HP: 50/50 MP: 4/4
  1974 | D:3      | XOM: summons 3 hostile shadow creatures
  2026 | D:3      | XOM: silly message
  2319 | D:4      | Noticed an ogre
  2319 | D:4      | XOM: mild Air miscast
  2334 | D:4      | XOM: swap monsters
  2338 | D:4      | XOM: butterfly on damage
  2343 | D:4      | Noticed an ice beast
  2343 | D:4      | a scorpion changed into an ice beast
  2343 | D:4      | XOM: polymorph scorpion -> ice beast
  2501 | D:4      | Found a sand-covered staircase.
  2508 | Ossuary  | Entered an ossuary
  2528 | Ossuary  | Reached XP level 6. HP: 61/61 MP: 5/5
  2559 | Ossuary  | XOM: vitrification
  2647 | Ossuary  | XOM: medium Pois miscast
  2649 | Ossuary  | XOM: enchant monster (good)
  2672 | Ossuary  | XOM: confuse monster(s)
  2676 | Ossuary  | Reached skill level 5 in Dodging
  2864 | Ossuary  | XOM: silly message
  2879 | Ossuary  | Reached XP level 7. HP: 69/71 MP: 6/6
  2889 | Ossuary  | XOM: confuse monster(s)
  3000 | D:4      | Noticed Sigmund
  3018 | D:4      | Killed an ogre
  3030 | D:4      | XOM: smoke on damage
  3039 | D:4      | Killed Sigmund
  3039 | D:4      | Reached skill level 5 in Fighting
  3244 | D:4      | an ice beast changed into a soldier ant
  3516 | D:5      | Entered Level 5 of the Dungeon
  3569 | D:5      | Identified a scroll of acquirement
  3631 | D:5      | XOM: summons friendly shadow imp
  3649 | D:5      | Reached skill level 1 in Throwing
  3649 | D:5      | Reached XP level 8. HP: 59/83 MP: 7/7
  3682 | D:5      | Reached skill level 6 in Fighting
  3810 | D:5      | Found Zyukh's Assorted Antiques.
  4426 | D:6      | XOM: harmless Trmt miscast
  4452 | D:6      | XOM: blink monster(s)
  4485 | D:6      | XOM: 1-stop teleportation journey
  4489 | D:6      | XOM: medium Necr miscast
  4497 | D:6      | XOM: enchant monster (bad)
  4503 | D:6      | XOM: destruction
  4504 | D:6      | XOM: summons 3 friendly demons
  4626 | D:6      | XOM: summons 6 friendly demons
  4863 | D:6      | Found a radiant altar of Vehumet.
  4967 | D:6      | Found Juklij's Gadget Emporium.
  5065 | D:6      | XOM: god gift: potion of flight
  5076 | D:6      | Reached skill level 5 in Throwing
  5568 | D:6      | XOM: summons 2 friendly demons
  5584 | D:6      | Reached XP level 9. HP: 52/92 MP: 8/8
  5669 | D:6      | Bought a legendary deck of wonders for 312 gold pieces
  6052 | D:7      | XOM: confuse monster(s)
  6361 | D:7      | Found a staircase to the Ecumenical Temple.
  6411 | Temple   | Entered the Ecumenical Temple
  6587 | D:7      | Noticed Pikel
  6597 | D:7      | XOM: cast spell 'Call Canine Familiar'
  6598 | D:7      | XOM: divination: detect creatures
  6610 | D:7      | XOM: summons 4 friendly demons
  6617 | D:7      | Killed Pikel
  6617 | D:7      | Reached skill level 5 in Unarmed Combat
  6774 | D:8      | Found Kixula's Gadget Emporium.
  6782 | D:8      | Learned a level 3 spell: Ozocubu's Armour
  6788 | D:8      | Learned a level 4 spell: Condensation Shield
  6847 | D:8      | XOM: enchant monster (good)
  6851 | D:8      | Reached skill level 7 in Dodging
  6891 | D:8      | Drew Focus: Str increased to 23, Int decreased to 7
  6962 | D:8      | XOM: divination: detect creatures
  7074 | D:8      | XOM: scenery: 2 doors open, 3 doors close
  7096 | D:8      | Gained mutation: You are somewhat resistant to further mutation. [helix card]
  7103 | D:8      | Reached XP level 10. HP: 33/100 MP: 9/9
  7285 | D:8      | XOM: confuse monster(s)
  7444 | D:8      | Found a staircase to the Lair.
  7587 | D:8      | XOM: god gift: 850 gold pieces
  7621 | D:9      | Found Avir's Assorted Antiques.
  7635 | D:9      | Bought a smoky golden potion for 30 gold pieces
  7635 | D:9      | Gained mutation: You have very sharp teeth. [potion of beneficial mutation]
  7678 | D:9      | XOM: medium Fire miscast
  7790 | D:9      | Gained mutation: You are robust (+10% HP). [mutagenic meat]
  7798 | D:9      | XOM: 5-stop teleportation journey
  8153 | D:10     | Entered Level 10 of the Dungeon
  8218 | D:9      | XOM: cast spell 'Statue Form'
  8274 | D:9      | Reached skill level 8 in Dodging
  8426 | D:10     | Noticed a tengu warrior
  8440 | D:10     | Killed a tengu warrior
  8441 | D:10     | Noticed a hill giant
  8443 | D:10     | Gained mutation: You are weak. (Str -2) [helix card]
  8553 | D:9      | XOM: colour smoke trail
  8571 | Lair:1   | Entered Level 1 of the Lair of Beasts
  8636 | Lair:1   | XOM: vitrification
  8809 | Lair:1   | Found a bloodstained altar of Trog.
  8926 | Lair:1   | XOM: harmless Conj miscast
  8933 | Lair:1   | XOM: potion effect (might)
  8941 | Lair:1   | Reached skill level 9 in Dodging
  9073 | Lair:1   | XOM: god gift: legendary deck of cards {god gift}
  9147 | Lair:1   | XOM: give mutations
  9147 | Lair:1   | Lost mutation: You are weak. (Str -2) [Xom's mischief]
  9147 | Lair:1   | Gained mutation: Potions and wands are less effective at restoring your health. [Xom's mischief]
  9391 | Lair:2   | XOM: stealth player
  9623 | Lair:2   | Reached XP level 11. HP: 112/117 MP: 10/10
  9631 | Lair:2   | XOM: fog
  9641 | Lair:2   | XOM: confuse monster(s)
  9693 | Lair:2   | XOM: cast spell 'Summon Butterflies'
  9696 | Lair:2   | XOM: summons friendly white imp
  9701 | Lair:2   | XOM: potion effect (invisibility)
  9821 | Lair:2   | XOM: snakes to sticks
  9827 | Lair:2   | XOM: summons 3 friendly demons
  9862 | Lair:2   | XOM: summons 3 hostile shadow creatures
 10024 | Lair:2   | XOM: swap monsters
 10169 | Lair:2   | XOM: god gift: phantom mirror
 10343 | Lair:3   | XOM: potion effect (might)
 10345 | Lair:3   | Reached skill level 10 in Dodging
 10500 | Lair:3   | Found a staircase to the Snake Pit.
 10606 | Lair:3   | XOM: swap monsters
 10607 | Lair:3   | XOM: chaos cloud
 10754 | Lair:3   | XOM: noise
 10765 | Lair:3   | XOM: confusion
 10910 | Lair:3   | Noticed a six-headed hydra
 10930 | Lair:3   | Killed a 15-headed hydra
 10966 | Lair:3   | Found a frozen archway.
 11010 | Lair:3   | Slain by a torpor snail

Vault maps used:
D:1:      saegor_arrival_simple_c
D:4:      first_bread, serial_bayou, serial_bayou_crossing, serial_bayou_ford_a,
          serial_bayou_pond_c, serial_bayou_shore_a, nicolae_ossuary_entry_plus,
          uniq_sigmund
D:5:      forest_paths, serial_shops, shop_fountains
D:6:      overflow_temple_1_default, kennysheep_diamond
D:7:      minmay_temple_entry_junction2, uniq_pikel
D:8:      lair_0_dummy, serial_shops, kennysheep_mini_moat
D:9:      serial_shops, shop
D:10:     minmay_distorted_concentric_squares, blue_anna_alchemist
Temple:   grunt_circular_temple_18
Lair:1:   basic_altar
Lair:2:   gammafunk_lair_bear_cave, pond, grunt_megastairs_3
Lair:3:   guppyfry_snake_entry_island, portal_ice_cave_entry_imps, special_room,
          minivault_26
Ossuary:  ossuary_tomb_2

Action                   |  1- 3 |  4- 6 |  7- 9 | 10-12 || total
-------------------------+-------+-------+-------+-------++-------
Melee: Unarmed           |   110 |   236 |   420 |   415 ||  1181
Throw: Javelin           |       |       |    34 |    95 ||   129
Evoke: Wand              |     1 |       |     4 |     4 ||     9
       Deck              |       |       |     5 |     3 ||     8
  Use: Scroll            |     7 |     5 |     9 |     8 ||    29
       Potion            |       |     7 |     6 |     4 ||    17
 Stab: Sleeping          |       |     2 |     3 |     2 ||     7
       Confused          |       |     1 |     1 |     2 ||     4
       Distracted        |       |       |     1 |     1 ||     2
       Paralysed         |       |       |       |     9 ||     9
       Invisible         |       |       |       |     2 ||     2
  Eat: Chunk             |    14 |    10 |     7 |    23 ||    54
       Bread ration      |       |       |     7 |     3 ||    10
       Beef jerky        |       |       |     1 |       ||     1
       Pizza             |       |       |       |     1 ||     1
       Meat ration       |       |       |       |     2 ||     2
